 Dungeon Crawl Stone Soup version 0.19.5 (webtiles) character file.

1880 Monsterracer the Basher (level 9, -1/100 HPs)
             Began as an Ogre Chaos Knight on Aug 9, 2017.
             Was a Follower of the Shining One.
             Slain by a hornet (2 damage)
             ... while paralysed by a hornet
             ... on level 7 of the Dungeon.
             The game lasted 00:17:55 (7168 turns).

Monsterracer the Basher (Ogre Chaos Knight)         Turns: 7168, Time: 00:17:56

Health: -1/100     AC:  9    Str: 24    XL:     9   Next: 14%
Magic:  12/12      EV:  1    Int: 11    God:    the Shining One [*.....]
Gold:   306        SH:  0    Dex:  9    Spells: 0 memorised, 8 levels left

rFire  . . .     SeeInvis +     a - +2 flail (protect)
rCold  . . .     Gourm    .     v - +2 robe
rNeg   . . .     Faith    .     (no shield)
rPois  .         Spirit   .     (helmet restricted)
rElec  .         Reflect  .     d - +2 cloak
rCorr  .         Harm     .     (gloves unavailable)
MR     +....                    (boots unavailable)
Stlth  +.........               (no amulet)
                                (no ring)
                                l - ring of see invisible

@: paralysed, lethally poisoned (-1 -> -12), slowed, glowing
A: unfitting armour, rugged brown scales 1, deterioration 1, magic resistance 1,
strong 1, tough skin 1
a: Renounce Religion


You were on level 7 of the Dungeon.
You worshipped the Shining One.
The Shining One was aware of your devotion.
You were not hungry.

You visited 1 branch of the dungeon, and saw 7 of its levels.
You also visited: Sewer.

You collected 306 gold pieces.

Inventory:

Hand Weapons
 a - a +2 flail of protection (weapon)
 b - a +0 giant club
 w - a +1 war axe of electrocution
Missiles
 k - 7 tomahawks
 m - 105 stones (quivered)
Armour
 d - a +2 cloak (worn)
 v - a +2 robe (worn)
Jewellery
 f - an uncursed ring of poison resistance {unknown}
 l - a ring of see invisible (left hand)
Wands
 j - a wand of acid (13/15)
Scrolls
 e - 3 scrolls of magic mapping
 i - a scroll of enchant armour
 n - a scroll of teleportation
Potions
 o - a potion of might
 p - 3 potions of brilliance
 q - 2 potions of curing
 r - 2 potions of berserk rage
 s - a potion of lignification {unknown}
 t - a potion of heal wounds
 u - a potion of cure mutation
 z - a potion of haste {unknown}
Comestibles
 c - 6 bread rations
 g - a meat ration
 h - 2 beef jerkies
 x - 4 chunks of flesh


   Skills:
 * Level 9.1 Fighting
 * Level 9.2 Maces & Flails
 + Level 3.9 Throwing
 + Level 4.6 Dodging
 + Level 4.0 Invocations


You had 8 spell levels left.
You didn't know any spells.

Dungeon Overview and Level Annotations

Branches:
Dungeon (7/15)             Temple (0/1) D:6

Altars:
Fedhas
Gozag
Trog
Uskayaw
Vehumet
Xom
The Shining One

Annotations:
D:4 Eustachio, Sigmund


Innate Abilities, Weirdness & Mutations

You are too large for most types of armour.
You have tough skin. (AC +1)
You are partially covered in rugged brown scales. (AC +1, +3% HP)
Your body sometimes deteriorates upon taking damage.
You are resistant to hostile enchantments. (MR+)
Your muscles are strong. (Str +2)


Message History

You feel sick. The hornet misses you.
The hornet stings you but does no damage.
Damage: -1%(-1hp) hp: 26%(26hp) Unknown command.
You hit the hornet but do no damage.
The hornet is lightly wounded.
You feel yourself speed up.
You feel sick. The hornet closely misses you. The hornet stings you!
* * * LOW HITPOINT WARNING * * *
You suddenly lose the ability to move!
The hornet stings you!
* * * LOW HITPOINT WARNING * * *
You feel yourself slow down.
You feel sick. The hornet completely misses you.
You feel sick. The hornet stings you!
* * * LOW HITPOINT WARNING * * *
You are more poisoned.
You feel as though you will be slow longer.
The hornet stings you.
You die...
Xom snickers!

.. ##.. #.# ## .
..#####(.# ##.. ..#.
....#....# #..##... ##
#......(.######......#
#.
#......[....<....#.####.
#...†...........#......
#..#.................
#..##.........# ##..#
#.Zy@.........###..#
#.##..............###
#....#....###........
#...###..#####.######.
#..####........# ## ....
........#### # ...#
........### # ..
..........########
#########........#


You could see a hornet and a leopard gecko skeleton.

Vanquished Creatures
  The ghost of tidbits the Skirmisher, an amateur HEWn (Sewer)
  A hippogriff (D:7)
  Edmund (D:4)
  2 sky beasts
  An ogre (D:6)
  A phantom (D:4)
  2 centaurs
  2 bullfrogs
  A scorpion (D:4)
  2 crimson imps
  2 hounds
  An orc priest (D:4)
  A jelly (D:7)
  3 orc wizards
  3 iguanas
  4 worker ants
  A statue (D:5)
  A hound skeleton (D:4)
  8 adders
  2 river rats (Sewer)
  A shadow imp (D:5)
  An ooze (D:2)
  4 worms
  3 dart slugs (D:1)
  2 leopard geckos
  15 orcs
  6 ball pythons
  4 giant cockroaches
  12 goblins
  10 hobgoblins
  3 quokkas
  4 bats
  10 frilled lizards
  6 kobolds
  A quokka skeleton (D:4)
  11 rats
133 creatures vanquished.

Vanquished Creatures (collateral kills)
  A hobgoblin (D:2)
  A bat (D:2)
2 creatures vanquished.

Vanquished Creatures (others)
  2 fire vortices (D:3)
  4 toadstools (D:1)
6 creatures vanquished.

Grand Total: 141 creatures vanquished

Notes
Turn   | Place    | Note
-------+----------+-------------------------------------------
     0 | D:1      | Monsterracer the Ogre Chaos Knight began the quest for the Orb.
     0 | D:1      | Reached XP level 1. HP: 24/24 MP: 1/1
    75 | D:1      | Reached XP level 2. HP: 32/32 MP: 2/2
   438 | D:1      | XOM: harmless Tmut miscast
   598 | D:1      | XOM: mild Erth miscast
   601 | D:1      | XOM: harmless Pois miscast
   707 | D:1      | XOM: confuse monster(s)
   817 | D:1      | XOM: divination: detect creatures
   825 | D:1      | Reached XP level 3. HP: 40/40 MP: 3/3
  1395 | D:2      | XOM: harmless Necr miscast
  1396 | D:2      | Reached skill level 5 in Maces & Flails
  1571 | D:2      | XOM: divination: magic mapping
  1574 | D:2      | Reached XP level 4. HP: 45/49 MP: 4/4
  1713 | D:2      | Found a blossoming altar of Fedhas.
  1879 | D:2      | XOM: god gift: scroll labeled GIBAIB ZEFILL {god gift}
  2070 | D:2      | XOM: harmless Chrm miscast
  2078 | D:2      | Reached skill level 5 in Fighting
  2351 | D:2      | XOM: summons 2 hostile demons
  2446 | D:3      | XOM is BORED!
  2446 | D:3      | XOM: noise
  2509 | D:2      | XOM: harmless Conj miscast
  2626 | D:3      | Reached skill level 1 in Throwing
  2672 | D:3      | XOM: divination: magic mapping
  2673 | D:3      | Gained mutation: Your flesh is heat resistant. (rF+) [potion of beneficial mutation]
  2675 | D:3      | Lost mutation: Your flesh is heat resistant. (rF+) [potion of cure mutation]
  2675 | D:3      | XOM: potion effect (might)
  2677 | D:3      | Reached XP level 5. HP: 36/57 MP: 5/5
  2752 | D:3      | XOM: noise
  2798 | D:3      | XOM: divination: magic mapping
  3242 | D:3      | Found a glowing golden altar of the Shining One.
  3313 | D:3      | XOM: mild Fire miscast
  3558 | D:3      | Fell from the grace of Xom
  3558 | D:3      | Became a worshipper of the Shining One
  3749 | D:3      | Found a bloodstained altar of Trog.
  3760 | D:3      | Reached XP level 6. HP: 60/67 MP: 6/6
  4085 | D:4      | Found an opulent altar of Gozag.
  4085 | D:4      | XOM: 4-stop teleportation journey
  4087 | D:4      | Noticed Eustachio
  4094 | D:4      | Gained mutation: You are resistant to hostile enchantments. (MR+) [potion of mutation]
  4094 | D:4      | Gained mutation: You are partially covered in rugged brown scales. (AC +1, +3% HP) [potion of mutation]
  4094 | D:4      | Gained mutation: Your mind is acute. (Int +2) [potion of mutation]
  4383 | D:4      | Noticed a hand axe
  4385 | D:4      | Noticed a hand axe
  4387 | D:4      | Found a hide-covered altar of Uskayaw.
  4455 | D:4      | Reached skill level 1 in Invocations
  4798 | D:4      | Noticed Edmund
  4806 | D:4      | Killed Edmund
  4806 | D:4      | Reached XP level 7. HP: 63/78 MP: 6/8
  5040 | D:4      | Reached * piety under the Shining One
  5057 | D:4      | Found a bloodstained altar of Trog.
  5089 | D:4      | Noticed Sigmund
  5092 | D:5      | Entered Level 5 of the Dungeon
  5139 | D:5      | Found a radiant altar of Vehumet.
  5163 | D:5      | Found a shimmering altar of Xom.
  5264 | D:5      | Found a glowing drain.
  5269 | Sewer    | Entered a sewer
  5269 | Sewer    | XOM: give mutations
  5269 | Sewer    | Lost mutation: Your mind is acute. (Int +2) [Xom's mischief]
  5269 | Sewer    | Gained mutation: Your muscles are strong. (Str +2) [Xom's mischief]
  5522 | Sewer    | Noticed tidbits's ghost (amateur HEWn)
  5555 | Sewer    | Killed tidbits's ghost
  5555 | Sewer    | Reached XP level 8. HP: 84/90 MP: 10/10
  5714 | D:5      | XOM: summons 8 hostile demons
  6847 | D:6      | XOM: give mutation
  6847 | D:6      | Gained mutation: Your body sometimes deteriorates upon taking damage. [Xom's mischief]
  6863 | D:6      | Found a staircase to the Ecumenical Temple.
  7050 | D:7      | Reached XP level 9. HP: 97/99 MP: 11/11
  7144 | D:7      | Noticed a hornet
  7166 | D:7      | Paralysed by a hornet for 3 turns
  7168 | D:7      | HP: 1/100 [hornet (8)]
  7168 | D:7      | Slain by a hornet

Skill      XL: |  1  2  3  4  5  6  7  8  9 |
---------------+----------------------------+-----
Maces & Flails | 5 6 7 9 |  9.2
Fighting       | 5 6 7 8 9 |  9.1
Throwing       | 1 2 3 |  3.9
Dodging        | 3 4 |  4.6
Invocations    | 1 3 4 |  4.0

Action                   |  1- 3 |  4- 6 |  7- 9 || total
-------------------------+-------+-------+-------++-------
Melee: Mace              |    88 |     6 |       ||    94
       Flail             |       |   213 |   231 ||   444
Throw: Stone             |    25 |    85 |    95 ||   205
  Use: Potion            |       |     8 |       ||     8
       Scroll            |       |     7 |     5 ||    12
  Eat: Chunk             |     2 |    10 |     9 ||    21
Armor: Robe              |    26 |    70 |   123 ||   219
Dodge: Dodged            |    33 |   108 |   142 ||   283
